 Dungeon Crawl Stone Soup version 0.26.1-10-gdfb7c7de75 (webtiles) character file.

Game seed: 10655211824755404157

696 infcreate the Sneak (level 7, -1/40 HPs)
             Began as a Vampire Enchanter on Apr 4, 2021.
             Slain by a leopard gecko (5 damage)
             ... in a sewer.
             The game lasted 00:22:44 (5913 turns).

infcreate the Sneak (Vampire Enchanter)             Turns: 5913, Time: 00:22:45

Health: -1/40      AC:  2    Str:  7    XL:     7   Next: 37%
Magic:  2/11       EV: 15    Int: 17    God:
Gold:   243        SH:  0    Dex: 17    Spells: 6/12 levels left

rFire    . . .     SeeInvis +   a - +1 dagger
rCold    + + .     Faith    .   (no shield)
rNeg     + + +     Spirit   .   g - +0 robe {Will+}
rPois    ∞         Reflect  .   (no helmet)
rElec    .         Harm     .   (no cloak)
rCorr    .         Rampage  .   (no gloves)
Will     +....                  (no boots)
Stlth    ++++++....             (no amulet)
HPRegen  0.00/turn              (no ring)
MPRegen  0.12/turn              (no ring)

@: bloodless
A: fangs 3, see invisible, unbreathing
a: Bat Form, Revivify


You were in a sewer.
You visited 1 branch of the dungeon, and saw 5 of its levels.
You also visited: Sewer.

You collected 243 gold pieces.


Innate Abilities, Weirdness & Mutations

You do not regenerate when monsters are visible.
You are frail without blood (-20% HP).
You can heal yourself when you bite living creatures.
You are immune to poison.
You have razor-sharp teeth.
You have supernaturally acute eyesight. (SInv)
You can survive without breathing.


   Skills:
 + Level 2.0 Fighting
 * Level 4.0 Short Blades
 * Level 4.4 Dodging
 * Level 7.1 Stealth
 + Level 3.0 Spellcasting
 * Level 7.0 Hexes


You had 6 spell levels left.
You knew the following spells:

 Your Spells              Type           Power        Failure   Level
c - Corona                Hex            28%          1%          1
e - Ensorcelled Hibernat  Hex/Ice        28%          6%          2
t - Confusing Touch       Hex            26%          3%          3

Your spell library contained the following spells:

 Spells                   Type           Power        Failure   Level
 Tukima's Dance           Hex            26%          3%          3
 Dazzling Flash           Conj/Hex       28%          12%         3

Inventory:

Hand Weapons
 a - a +1 dagger (weapon)
Armour
 g - a +0 robe of willpower (worn)
Wands
 f - a wand of enslavement (11)
 n - a wand of acid (8)
Scrolls
 c - 2 scrolls of teleportation {@r4}
 e - a scroll of enchant armour {unknown}
 i - 4 scrolls of identify {@r1}
 l - a scroll of immolation
 m - a scroll of fog {unknown}
 r - 2 scrolls of remove curse {@r2}
Potions
 b - 2 potions of cancellation {unknown}
 d - 2 potions of curing {unknown}
 h - a potion of invisibility {unknown}
 j - a potion of flight {unknown}
 p - a potion of degeneration {unknown}
 q - a potion of haste {unknown}

Dungeon Overview and Level Annotations

Branches:
Dungeon (5/15)             Temple (0/1) D:5           Sewer (1/1)

Altars:
Ashenzari
Fedhas
Makhleb
Sif Muna
Vehumet
Xom
Yredelemnul

▒▒≈.†.†▒▒▒▒▒▒▒▒▒≈≈≈▒
▒∩≈≈▒▒▒▒≈≈≈≈≈.≈.≈≈≈▒▒▒
▒▒▒▒▒≈≈†≈▒▒▒▒▒≈≈≈.≈▒.≈
▒▒≈≈≈≈††.▒≈∩≈▒▒▒▒▒▒▒≈.
▒▒≈≈≈≈≈▒▒▒▒≈≈≈≈ ▒≈≈†
▒▒≈≈≈≈▒▒▒≈≈.≈≈≈ ▒▒≈≈
▒≈≈.≈▒▒≈≈≈≈.▒ ▒≈≈
▒▒≈≈≈▒▒≈≈†≈▒ ▒▒≈
▒≈.≈≈▒≈≈@l▒ ▒≈
▒≈≈.▒▒≈.≈▒▒ ▒≈
▒≈≈≈▒≈≈≈≈▒ ▒≈ ▒≈..▒≈.≈≈▒
▒≈ ▒.≈≈▒≈≈.≈▒ ▒≈
▒≈.≈▒▒≈≈≈▒▒ ▒▒≈
▒≈≈≈≈▒.≈≈≈▒▒ ▒▒≈.
▒▒.≈≈▒▒≈≈≈≈▒▒▒ ▒▒▒≈.≈
▒≈≈≈≈▒▒≈≈≈≈≈▒▒▒▒▒▒▒≈≈.≈≈


You could see a leopard gecko.


Message History

You hit the leopard gecko.
The leopard gecko is moderately wounded.
The leopard gecko bites you.
* * * LOW HITPOINT WARNING * * *
You hit the leopard gecko.
The leopard gecko is heavily wounded.
The leopard gecko misses you.
You hit the leopard gecko but do no damage.
The leopard gecko is heavily wounded.
The leopard gecko misses you.
You hit the leopard gecko.
The leopard gecko is severely wounded.
The leopard gecko bites you.
* * * LOW HITPOINT WARNING * * *
You closely miss the leopard gecko.
The leopard gecko is severely wounded.
The leopard gecko splashes around in the water.
You barely miss the leopard gecko.
The leopard gecko is severely wounded.
The leopard gecko splashes around in the water.
You completely miss the leopard gecko.
The leopard gecko is heavily wounded.
The leopard gecko splashes around in the water.
You hit the leopard gecko but do no damage.
The leopard gecko is heavily wounded.
The leopard gecko completely misses you.
You barely miss the leopard gecko.
The leopard gecko is heavily wounded.
The leopard gecko bites you.
You die...

Skill      XL: |  1  2  3  4  5  6  7 |
---------------+----------------------+-----
Hexes          | 5 6 7 |  7.0
Stealth        | 5 6 7 |  7.1
Short Blades   | 2 3 4 |  4.0
Fighting       | 1 2 |  2.0
Dodging        | 3 4 |  4.4
Spellcasting   | 3 |  3.0

Action                   |  1- 3 |  4- 6 |  7- 9 || total
-------------------------+-------+-------+-------++-------
Melee: Dagger            |    92 |   107 |   263 ||   462
       Bite              |     7 |     8 |    24 ||    39
 Cast: Corona            |    12 |     5 |       ||    17
       Ensorcelled Hiber |     7 |    21 |     5 ||    33
       Confusing Touch   |     1 |     5 |    17 ||    23
 Abil: Exsanguinate      |     1 |       |       ||     1
  Use: Scroll            |     1 |     6 |       ||     7
 Stab: Sleeping          |     9 |    25 |     7 ||    41
       Confused          |     2 |     5 |    10 ||    17
Armor: Robe              |    10 |    13 |    50 ||    73
Dodge: Dodged            |    64 |    81 |   241 ||   386

Levels and vault maps discovered:
D:1:      mrwooster_arrival_statue_2, layout_rooms
D:2:      layout_basic, overflow_temple_1_default, lemuel_crystal_altar,
          marbit_many_paths, minmay_door_square
D:3:      layout_rooms, lemuel_doored_altar,
          chequers_temple_overflow_minitemple, serial_bayou_lake_a
D:4:      layout_gridville, serial_rivers, chequers_serial_rivers_micro_e,
          chequers_serial_rivers_large_a, chequers_serial_rivers_micro_e,
          chequers_serial_rivers_room_b, uniq_edmund
D:5:      kennysheep_six_static_rooms, layout_cave_pools,
          minmay_temple_entry_poolview, cheibrodos_sewer_entry_bend,
          gammafunk_ghost_necromancy
Sewer:    sewer_frog_island_02

Notes
Turn   | Place    | Note
-------+----------+-------------------------------------------
     0 | D:1      | infcreate the Vampire Enchanter began the quest for the
                  | Orb.
     0 | D:1      | Reached XP level 1. HP: 13/13 MP: 3/3
   420 | D:1      | Reached XP level 2. HP: 12/15 MP: 3/5
   427 | D:1      | Learned a level 2 spell: Ensorcelled Hibernation
  1011 | D:2      | Reached XP level 3. HP: 20/20 MP: 6/6
  1055 | D:2      | Reached skill level 5 in Hexes
  1448 | D:2      | Learned a level 3 spell: Confusing Touch
  1476 | D:1      | Reached skill level 5 in Stealth
  1531 | D:1      | Reached skill level 2 in Short Blades
  1623 | D:2      | Reached XP level 4. HP: 15/24 MP: 1/7
  1829 | D:2      | Found a basalt altar of Yredelemnul.
  1919 | D:2      | Found a burning altar of Makhleb.
  2646 | D:3      | Found a shimmering blue altar of Sif Muna.
  2742 | D:3      | Found a shimmering altar of Xom.
  2742 | D:3      | Found a faded altar of an unknown god.
  2747 | D:3      | Found a blossoming altar of Fedhas.
  2749 | D:3      | Found a radiant altar of Vehumet.
  2750 | D:3      | Found a broken altar of Ashenzari.
  2870 | D:3      | Reached skill level 1 in Fighting
  3080 | D:4      | Reached skill level 3 in Dodging
  3266 | D:4      | Reached XP level 5. HP: 25/29 MP: 3/8
  3326 | D:4      | Noticed Edmund
  3480 | D:4      | Noticed an ogre
  3809 | D:4      | Reached skill level 3 in Short Blades
  3907 | D:4      | Killed Edmund
  3908 | D:4      | Reached skill level 6 in Stealth
  3908 | D:4      | Reached skill level 6 in Hexes
  3908 | D:4      | Reached XP level 6. HP: 13/34 MP: 4/10
  4228 | D:4      | Reached skill level 4 in Dodging
  4271 | D:5      | Entered Level 5 of the Dungeon
  4401 | D:5      | Reached XP level 7. HP: 6/39 MP: 7/11
  4575 | D:5      | Found a glowing drain.
  4592 | Sewer    | Entered a sewer
  4932 | Sewer    | Reached skill level 3 in Spellcasting
  5009 | Sewer    | Reached skill level 7 in Stealth
  5207 | Sewer    | Reached skill level 2 in Fighting
  5776 | Sewer    | Reached skill level 7 in Hexes
  5882 | Sewer    | Reached skill level 4 in Short Blades
  5908 | Sewer    | HP: 4/40 [leopard gecko (5)]
  5913 | Sewer    | Slain by a leopard gecko

Vanquished Creatures
  Edmund (D:4)
  2 ogres
  2 iguanas (D:4)
  An orc wizard (D:1)
  4 worker ants (D:4)
  2 hound skeletons (D:4)
  6 adders
  8 oozes
  4 worms
  3 dart slugs
  9 leopard geckos
  7 orcs
  15 giant cockroaches
  7 goblins
  9 hobgoblins
  A quokka (D:3)
  12 ball pythons
  5 bats
  7 frilled lizards
  3 kobolds
  A quokka skeleton (D:4)
  6 rats
115 creatures vanquished.

Vanquished Creatures (others)
  3 plants (D:3)
3 creatures vanquished.

Grand Total: 118 creatures vanquished

Table legend: (Time is in decaauts)
 A = Elapsed time spent in this place.
 B = Non-inter-level travel time spent in this place.
 C = Inter-level travel time spent in this place.
 D = Time resting spent in this place.
 E = Time spent auto-exploring this place.
 F = Levels seen in this place.
 G = Mean time per level.
                   A        B        C        D        E       F      G
               +--------+--------+--------+--------+--------+-----+--------+
         Total |   5958 |   5467 |    491 |   2723 |      0 |   6 |  993.0 |
       Dungeon |   4614 |   4123 |    491 |   1945 |      0 |   5 |  922.8 |
         Sewer |   1344 |   1344 |      0 |    778 |      0 |   1 | 1344.0 |
               +--------+--------+--------+--------+--------+-----+--------+

Top non-repeatable levels by time:
   Sewer: 1344 daAuts
     D:1: 1277 daAuts
     D:4: 1107 daAuts
     D:3: 1042 daAuts
     D:2: 928 daAuts
     D:5: 258 daAuts

Table legend:
 A = Non-vault XP
 B = Vault XP
 C = Vault XP percentage of total XP
 D = Non-vault monster count
 E = Vault monster count
 F = Vault count percentage of total count
                 A         B        C        D         E       F
            +---------+---------+-------+---------+---------+-------
      Total |     684 |     311 |  31.3 |      67 |      48 |  41.7
            +---------+---------+-------+---------+---------+-------
        D:1 |      68 |       0 |   0.0 |      20 |       0 |   0.0
        D:2 |      50 |       0 |   0.0 |      16 |       0 |   0.0
        D:3 |      32 |       0 |   0.0 |       9 |       0 |   0.0
        D:4 |     418 |     162 |  27.9 |      21 |       1 |   4.5
        D:5 |     116 |       5 |   4.1 |       1 |       1 |  50.0
      Sewer |       0 |     144 | 100.0 |       0 |      46 | 100.0
            +---------+---------+-------+---------+---------+-------
